 Dungeon Crawl Stone Soup version 0.23-a0-494-g91793a9 (webtiles) character file.

9082 Bashion the Cleaver (level 11, -2/86 HPs)
             Began as a Demonspawn Gladiator on Dec 3, 2018.
             Was a Believer of Ashenzari.
             Slain by a cyan ugly thing (16 damage)
             ... on level 11 of the Dungeon.
             The game lasted 00:37:23 (10976 turns).

Bashion the Cleaver (Demonspawn Gladiator)         Turns: 10976, Time: 00:37:24

Health: -2/86      AC: 23    Str: 17    XL:     11   Next: 18%
Magic:  11/11      EV:  7    Int: 10    God:    Ashenzari [**....]
Gold:   494        SH:  8    Dex: 15    Spells: 10/10 levels left

rFire    + . .     SeeInvis +   a - +0 war axe
rCold    . . .     Gourm    .   (no shield)
rNeg     . . .     Faith    .   U - +2 plate armour {rF+} (curse)
rPois    .         Spirit   .   c - +0 helmet
rElec    .         Reflect  +   b - +0 cloak
rCorr    .         Harm     .   (no gloves)
MR       .....                  V - +1 pair of boots (curse)
Stlth    ..........             D - brooch of Shielding {Reflect SH+8} (curse)
HPRegen  0.24/turn              w - ring of see invisible
MPRegen  0.12/turn              (no ring)

@: no status effects
A: hooves 1, yellow scales 2, demonic guardian 2, spiny 1
a: Curse Item, Scrying, Renounce Religion


You were on level 11 of the Dungeon.
You worshipped Ashenzari.
Ashenzari was pleased with you.
You were not hungry.

You visited 1 branch of the dungeon, and saw 11 of its levels.

You collected 494 gold pieces.

Inventory:

Hand Weapons
 a - a +0 war axe (weapon)
 n - a +0 battleaxe
 J - a +2 vampiric dagger
 T - a +5 long sword
 Y - a cursed +0 hand crossbow
Missiles
 d - 7 throwing nets (quivered)
 g - 7 curare-tipped needles
 l - 361 stones
 t - 13 tomahawks
 x - 3 needles of sleeping
Armour
 b - a +0 cloak (worn)
 c - a +0 helmet (worn)
 Q - a +0 robe of magic resistance
 S - a +3 leather armour
 U - a cursed +2 plate armour of fire resistance (worn)
 V - a cursed +1 pair of boots (worn)
Jewellery
 w - a ring of see invisible (left hand)
 C - an uncursed amulet of regeneration
 D - the cursed brooch of Shielding (around neck) {Reflect SH+8}
   (You found it on level 5 of the Dungeon)

   [amulet of reflection]

   It shields you and reflects attacks.
   It affects your SH (+8).
   It has a curse placed upon it.
Wands
 A - a wand of acid (9)
 E - a wand of scattershot (6)
 H - a wand of clouds (7)
 M - a wand of iceblast (8)
Scrolls
 e - 5 scrolls of magic mapping {unknown}
 h - a scroll of noise {unknown}
 i - 6 scrolls of teleportation {unknown}
 j - a scroll of blinking {unknown}
 o - 5 scrolls of remove curse
 r - 2 scrolls of immolation {unknown}
 s - 9 scrolls of identify {unknown}
 y - a scroll of random uselessness {unknown}
 z - 3 scrolls of amnesia {unknown}
 G - a scroll of holy word {unknown}
 L - a scroll of enchant armour {unknown}
 O - a scroll of enchant weapon {unknown}
Potions
 m - 3 potions of haste
 p - 2 potions of heal wounds {unknown}
 q - 5 potions of curing {unknown}
 u - 3 potions of flight {unknown}
 v - 4 potions of degeneration {unknown}
 B - a potion of cancellation {unknown}
 F - a potion of mutation {unknown}
 I - 2 potions of magic {unknown}
 K - 2 potions of invisibility {unknown}
 N - a potion of agility {unknown}
 P - a potion of brilliance {unknown}
 R - a potion of lignification {unknown}
 W - a potion of berserk rage {unknown}
 X - 2 potions of ambrosia {unknown}
 Z - 2 potions of resistance {unknown}
Comestibles
 f - 17 rations
 k - a chunk of flesh


   Skills:
 + Level 7.9 Fighting
 + Level 12.1 Axes
 + Level 1.7 Throwing
 + Level 7.1 Armour
 + Level 4.0 Dodging
 + Level 1.5 Stealth


You had 10 spell levels left.
You didn't know any spells.
Your spell library contained the following spells:

 Spells                   Type           Power        Failure   Level  Hunger
 Sandblast                Erth           #.....       100%        1    ##.....
 Passwall                 Tmut/Erth      #.......     100%        2    ###....
 Stone Arrow              Conj/Erth      #.....       100%        3    ####...
 Petrify                  Tmut/Erth      #.......     100%        4    #####..
 Lee's Rapid Deconstruct  Erth           #.........   100%        5    ######.


Dungeon Overview and Level Annotations

Branches:
Dungeon (11/15)            Temple (0/1) D:7            Lair (0/6) D:9
    Orc: D:9-12

Altars:
Ashenzari
Dithmenos
Elyvilon
Fedhas
Gozag
Kikubaaqudgha
Okawaru
Qazlal
Uskayaw
Vehumet
Zin
The Shining One


Innate Abilities, Weirdness & Mutations

You have large cloven feet.
You are mostly covered in yellow scales. (AC +3)
A demonic guardian rushes to your aid.
You are partially covered in sharp spines.


Message History

Your smoke demon gestures at the orc priest.
The orc priest is smitten.
The orc priest dies!
Unknown command.
Your smoke demon gestures at the yak.
The yak is smitten.
The yak barely misses your smoke demon.
Your smoke demon hits the yak.
Your smoke demon barely misses the yak.
Your smoke demon hits the yak.
The yak gores your smoke demon.
A cyan ugly thing comes into view.
The cyan ugly thing gurgles horribly!
The cyan ugly thing is struck by your spines.
The cyan ugly thing kicks you! The cyan ugly thing shocks you!
* * * LOW HITPOINT WARNING * * *
Your smoke demon gestures at the cyan ugly thing.
The sticky flame hits the cyan ugly thing.
The cyan ugly thing is covered in liquid flames!
The cyan ugly thing burns!
The cyan ugly thing kicks you.
* * * LOW HITPOINT WARNING * * *
The cyan ugly thing shocks you!
You die...

..... #>##.. , #..........##. ,
...Y #.##.# *#.####รท###.### ,,
,.oZ#.##.# #.#....# #....
##+#.#.##.#######.#.#..# #####
,+.......#......>#.#<#.## #...
,#.##.#Yo#.....#.#'#...#####.#.
..,#3)#.....#........(..>.#.
*## #{{##...##.............## *
###.{##...@<.............#
#....##..u.#.............#
#.#.#.33................##
*#.#.#.....#....########## *
,.,#.#.....#.##.# ..
#.#.....#.#### .. '.#.....#..,,
#.. ,###.....### , , , #.....#
*


You could see a cyan ugly thing (burning) and 2 friendly smoke demons.

Vanquished Creatures
  Maurice (D:7)
  A centaur skeleton (D:10)
  Grinder (D:6)
  A hippogriff (D:7)
  A wyvern (D:10)
  A hungry ghost (D:8)
  10 yaks
  A soldier ant (D:11)
  A porcupine (D:9)
  3 orc warriors
  A sky beast (D:6)
  3 ogres
  A phantom (D:4)
  5 ice beasts
  5 centaurs
  6 bullfrogs
  4 scorpions
  2 water moccasin skeletons
  7 killer bees
  4 crimson imps
  A howler monkey (D:4)
  4 bullfrog zombies
  3 hounds
  7 jellies
  8 orc priests
  A bullfrog skeleton (D:7)
  3 iguanas
  Ijyb (D:5)
  12 orc wizards
  4 worker ants
  5 hound skeletons
  3 gnolls (D:2)
  4 adders
  6 oozes
  4 adder skeletons
  A worm (D:2)
  3 dart slugs
  5 leopard geckos
  31 orcs
  A ball python (D:1)
  5 giant cockroaches
  17 goblins
  13 hobgoblins
  16 jackals
  9 kobolds
  7 bats
  2 frilled lizards
  2 jackal skeletons (D:5)
  6 rats
  A fungus (D:9)
244 creatures vanquished.

Vanquished Creatures (collateral kills)
  Harold (D:8)
  A hippogriff (D:7)
  13 yaks
  An ice beast (D:5)
  An orc warrior (D:4)
  A big kobold (D:10)
  A scorpion (D:5)
  2 killer bees (D:8)
  A howler monkey (D:11)
  An orc priest (D:11)
  2 worms
  6 orcs
  A giant cockroach (D:4)
  A quokka (D:8)
  2 kobolds (D:10)
35 creatures vanquished.

Vanquished Creatures (others)
  A centaur (D:9)
  A kobold (D:10)
  A fungus (D:9)
  A plant (D:9)
4 creatures vanquished.

Grand Total: 283 creatures vanquished

Notes
Turn   | Place    | Note
-------+----------+-------------------------------------------
     0 | D:1      | Bashion the Demonspawn Gladiator began the quest for the
                  | Orb.
     0 | D:1      | Reached XP level 1. HP: 16/16 MP: 1/1
   102 | D:1      | Gained mutation: You have large cloven feet. [demonic
                  | ancestry]
   102 | D:1      | Reached XP level 2. HP: 22/22 MP: 2/2
   355 | D:1      | Reached skill level 3 in Axes
   921 | D:1      | Reached XP level 3. HP: 27/27 MP: 3/3
  1117 | D:2      | Reached skill level 1 in Armour
  1122 | D:2      | Gained mutation: You are partially covered in yellow
                  | scales. (AC +2) [demonic ancestry]
  1122 | D:2      | Reached XP level 4. HP: 21/33 MP: 4/4
  2019 | D:2      | Found a glowing golden altar of the Shining One.
  2021 | D:2      | Reached skill level 4 in Axes
  2043 | D:2      | Reached XP level 5. HP: 23/39 MP: 5/5
  2724 | D:3      | Found a faded altar of an unknown god.
  2893 | D:3      | Became a worshipper of Ashenzari the Shackled
  2893 | D:3      | Reached * piety under Ashenzari
  3385 | D:4      | Gained mutation: A weak demonic guardian rushes to your
                  | aid. [demonic ancestry]
  3385 | D:4      | Reached XP level 6. HP: 44/46 MP: 6/6
  3422 | D:4      | Reached skill level 5 in Axes
  3652 | D:4      | Noticed an orc warrior
  3661 | D:4      | HP: 2/47 [orc warrior/+0 glaive (12)]
  3661 | D:4      | Killed an orc warrior
  4020 | D:4      | Found a blossoming altar of Fedhas.
  4027 | D:4      | Gained mutation: You are partially covered in sharp spines.
                  | [demonic ancestry]
  4027 | D:4      | Reached XP level 7. HP: 50/52 MP: 7/7
  4318 | D:5      | Entered Level 5 of the Dungeon
  4325 | D:5      | Reached skill level 6 in Axes
  4451 | D:5      | Found a hide-covered altar of Uskayaw.
  4460 | D:5      | Found a shadowy altar of Dithmenos.
  4471 | D:5      | Found a radiant altar of Vehumet.
  4477 | D:5      | Found a stormy altar of Qazlal.
  4482 | D:5      | Found a white marble altar of Elyvilon.
  4485 | D:5      | Found a glowing silver altar of Zin.
  4490 | D:5      | Found an iron altar of Okawaru.
  4799 | D:5      | Reached skill level 1 in Stealth
  4807 | D:5      | Gained mutation: You are mostly covered in yellow scales.
                  | (AC +3) [demonic ancestry]
  4807 | D:5      | Reached XP level 8. HP: 60/60 MP: 8/8
  4902 | D:5      | Reached skill level 7 in Axes
  4908 | D:5      | Found the brooch of Shielding {Reflect SH+8}
  4916 | D:5      | Found an ancient bone altar of Kikubaaqudgha.
  4962 | D:5      | Noticed Ijyb
  4972 | D:5      | Killed Ijyb
  5352 | D:6      | Noticed Grinder
  5868 | D:6      | Reached skill level 8 in Axes
  6048 | D:6      | Paralysed by Grinder for 2 turns
  6052 | D:6      | Paralysed by Grinder for 5 turns
  6062 | D:6      | Killed Grinder
  6172 | D:6      | Reached skill level 5 in Fighting
  6172 | D:6      | Gained mutation: A demonic guardian rushes to your aid.
                  | [demonic ancestry]
  6172 | D:6      | Reached XP level 9. HP: 63/68 MP: 9/9
  6300 | D:7      | Reached ** piety under Ashenzari
  6332 | D:7      | Found a staircase to the Ecumenical Temple.
  6518 | D:7      | Found a glowing golden altar of the Shining One.
  6767 | D:7      | Reached skill level 5 in Armour
  6793 | D:7      | Reached skill level 9 in Axes
  7283 | D:8      | Noticed Harold
  7293 | D:8      | Killed Harold
  7293 | D:8      | Reached skill level 10 in Axes
  7601 | D:8      | Noticed Maurice
  7705 | D:7      | Killed Maurice
  7705 | D:7      | Reached XP level 10. HP: 76/76 MP: 10/10
  8721 | D:9      | Reached skill level 11 in Axes
  8873 | D:9      | Found a radiant altar of Vehumet.
  9046 | D:9      | Found a staircase to the Lair.
  9459 | D:10     | Entered Level 10 of the Dungeon
  9593 | D:10     | Found an opulent altar of Gozag.
 10282 | D:10     | Reached XP level 11. HP: 82/84 MP: 11/11
 10670 | D:11     | Reached skill level 12 in Axes
 10971 | D:11     | Noticed a cyan ugly thing
 10976 | D:11     | Slain by a cyan ugly thing

Vault maps used:
D:1:      dpeg_arrival_short_road
D:2:      lemuel_upstairs_altar
D:3:      first_ration, chequers_ecumenical_altar_island
D:4:      st_stairs_14, fedhas_altar_1
D:5:      old_standard_altar, grunt_temple_overflow_octagram, uniq_ijyb
D:6:      uniq_grinder
D:7:      tso_oasis_becter, minmay_temple_entry_wispy
D:8:      uniq_harold, uniq_maurice
D:9:      grunt_lair_entry_orc_guard_hut, basic_altar
D:10:     hangedman_little_slice_of_home, chequers_big_river,
          chequers_mini_garden, st_stairs_13, grunt_gozag_statues
D:11:     minmay_tile_spiral, kennysheep_generic_room_3

Skill      XL: |  1  2  3  4  5  6  7  8  9 10 11 |
---------------+----------------------------------+-----
Dodging        | 3 4 |  4.0
Axes           | 3 4 5 6 8 10 11 12 | 12.1
Armour         | 1 2 3 4 6 7 |  7.1
Fighting       | 3 5 6 7 |  7.9
Stealth        | 1 |  1.5
Throwing       | |  1.7

Action                   |  1- 3 |  4- 6 |  7- 9 | 10-12 || total
-------------------------+-------+-------+-------+-------++-------
Melee: War axe           |    76 |   192 |   248 |   153 ||   669
       Kick              |     7 |    38 |    75 |    27 ||   147
       Battleaxe         |       |       |       |    91 ||    91
Invok: Curse Item        |       |       |     1 |     2 ||     3
       Scrying           |       |       |       |     1 ||     1
 Stab: Distracted        |       |       |     2 |       ||     2
  Eat: Chunk             |     1 |     5 |     5 |     5 ||    16
       Ration            |       |     2 |     2 |     2 ||     6
Armor: Leather armour    |    10 |       |       |       ||    10
       Scale mail        |    12 |   105 |       |       ||   117
       Plate armour      |       |     3 |   153 |   118 ||   274
Dodge: Dodged            |    61 |   172 |    57 |    58 ||   348
Block: Other             |       |       |    63 |    99 ||   162
       Reflection        |       |       |     6 |    10 ||    16

Table legend:
 A = Non-vault XP
 B = Vault XP
 C = Vault XP percentage of total XP
 D = Non-vault monster count
 E = Vault monster count
 F = Vault count percentage of total count
                 A         B        C        D         E       F
            +---------+---------+-------+---------+---------+-------
      Total |   10726 |    2249 |  17.3 |     263 |      16 |   5.7
            +---------+---------+-------+---------+---------+-------
        D:1 |      42 |       0 |   0.0 |      24 |       0 |   0.0
        D:2 |     149 |       0 |   0.0 |      38 |       0 |   0.0
        D:3 |     101 |       0 |   0.0 |      24 |       0 |   0.0
        D:4 |     569 |       0 |   0.0 |      23 |       0 |   0.0
        D:5 |     900 |      36 |   3.8 |      16 |       1 |   5.9
        D:6 |     921 |     237 |  20.5 |      24 |       1 |   4.0
        D:7 |     772 |     485 |  38.6 |      20 |       1 |   4.8
        D:8 |    1732 |     761 |  30.5 |      35 |       1 |   2.8
        D:9 |    1502 |     563 |  27.3 |      19 |       4 |  17.4
       D:10 |    2239 |     167 |   6.9 |      24 |       8 |  25.0
       D:11 |    1799 |       0 |   0.0 |      16 |       0 |   0.0
            +---------+---------+-------+---------+---------+-------
